 Dungeon Crawl Stone Soup version 0.18-b1-16-g289874d (webtiles) character file.

50 otab the Sneak (level 3, 0/21 HPs)
             Began as a High Elf Enchanter on May 1, 2016.
             Slain by a hobgoblin
             ... wielding a +0 club
              (2 damage)
             ... on level 2 of the Dungeon.
             The game lasted 00:01:54 (1350 turns).

otab the Sneak (High Elf Enchanter)                 Turns: 1350, Time: 00:01:54

Health: 0/21       AC:  3    Str:  8    XL:     3   Next: 55%
Magic:  7/7        EV: 13    Int: 19    God:
Gold:   96         SH:  0    Dex: 15    Spells: 1 memorised, 6 levels left

rFire  . . .     SeeInvis .     a - +1 dagger
rCold  . . .     Gourm    .     m - +0 robe (curse)
rNeg   . . .     Faith    .     (no shield)
rPois  .         Spirit   .     (no helmet)
rElec  .         Dismiss  .     i - +0 cloak
rCorr  .         Reflect  .     (no gloves)
SustAt .         Harm     .     (no boots)
MR     .....                    (no amulet)
Stlth  +++.......               (no ring)
                                (no ring)

@: not resistant to hostile enchantments, fairly stealthy
A: no striking features
a: no special abilities


You were on level 2 of the Dungeon.
You were very hungry.

You visited 1 branch of the dungeon, and saw 2 of its levels.

You collected 96 gold pieces.

Inventory:

Hand Weapons
 a - a +1 dagger (weapon)
Armour
 b - a +1 robe
 i - a +0 cloak (worn)
 m - a cursed +0 robe (worn)
Scrolls
 f - a scroll of fog {unknown}
 g - a scroll of amnesia {unknown}
 h - 2 scrolls of identify {unknown}
 l - a scroll of random uselessness {unknown}
Potions
 e - a potion of brilliance {unknown}
 j - a potion of lignification {unknown}
 n - a potion of ambrosia {unknown}
 o - a potion of heal wounds {unknown}
 p - a potion of cure mutation {unknown}
Books
 c - a book of Maledictions

   Spells                             Type                      Level
   a - Corona                         Hexes                        1
   b - Ensorcelled Hibernation        Hexes/Ice                    2
   c - Confuse                        Hexes                        3
   d - Tukima's Dance                 Hexes                        3
   e - Dazzling Spray                 Conjuration/Hexes            3
Comestibles
 d - a bread ration
 k - a meat ration


   Skills:
 + Level 1.3 Short Blades
 + Level 2.5 Dodging
 + Level 4.5 Stealth
 + Level 2.6 Spellcasting
 + Level 3.4 Hexes


You had 6 spell levels left.
You knew the following spells:

 Your Spells              Type           Power        Failure   Level  Hunger
a - Corona                Hex            ###....      4%          1    None


Dungeon Overview and Level Annotations

Branches:
Dungeon (2/15)

Altars:


Message History

You kill the giant newt!
You closely miss the quokka. The quokka closely misses you.
You miss the quokka. The quokka barely misses you.
You closely miss the quokka. The quokka barely misses you.
You hit the quokka but do no damage. The quokka bites you.
* * * LOW HITPOINT WARNING * * *
The quokka bites you.
* * * LOW HITPOINT WARNING * * *
You closely miss the quokka. The quokka closely misses you.
You hit the quokka but do no damage. The quokka bites you.
* * * LOW HITPOINT WARNING * * *
You hit the quokka.
The quokka is moderately wounded.
The quokka closely misses you.
You hit the quokka.
You kill the quokka!
You hit the hobgoblin.
The hobgoblin is heavily wounded.
The hobgoblin hits you with a club.
You die...

############ 8. #..........#
...###############.########.#
........#..g@.......# #.#
....$...#.########†.#######.#
.......g'...............>##.#
........#.####..###.........#
........#.# #....+.........'
####......# #...##.........#
#.###### #...##.........# #.
#..)##.........' ..
##.###...(.....#


You could see a hobgoblin.

Vanquished Creatures
  An adder (D:2)
  A worm (D:2)
  2 dart slugs (D:1)
  A giant gecko (D:1)
  A bat (D:2)
  A giant cockroach (D:1)
  3 goblins
  3 hobgoblins
  6 jackals
  2 kobolds (D:1)
  3 quokkas (D:2)
  A giant newt (D:2)
  3 rats
28 creatures vanquished.

Notes
Turn   | Place    | Note
--------------------------------------------------------------
     0 | D:1      | otab the High Elf Enchanter began the quest for the Orb.
     0 | D:1      | Reached XP level 1. HP: 11/11 MP: 4/4
   201 | D:1      | Reached XP level 2. HP: 17/17 MP: 6/6
   458 | D:1      | Reached skill level 4 in Stealth
  1012 | D:2      | Reached XP level 3. HP: 21/21 MP: 7/7
  1350 | D:2      | Slain by a hobgoblin

Skill      XL: |  1  2 |
---------------+-------+-----
Stealth        | 4 |  4.5
Short Blades   | |  1.3
Dodging        | |  2.5
Spellcasting   | |  2.6
Hexes          | |  3.4

Action                   || total
-------------------------++-------
Melee: Dagger            ||    79
 Cast: Corona            ||     1
 Stab: Sleeping          ||    13
       Distracted        ||     1
Armor: Robe              ||    14
Dodge: Dodged            ||    57
